 Dungeon Crawl Stone Soup version 0.32-a0-981-g384da2ce10 (webtiles) character file.

Game seed: 14640337287251004479

129775 RBrandon the Spry (level 16, -8/96 HPs)
             Began as a Deep Elf Ice Elementalist on Apr 20, 2024.
             Was a High Priest of Sif Muna.
             Hit by a large rock thrown by a stone giant (73 damage)
             ... on level 15 of the Dungeon.
             The game lasted 01:36:55 (29020 turns).

RBrandon the Spry (Deep Elf Ice Elementalist)      Turns: 29020, Time: 01:36:56

Health: -8/96      AC: 17    Str:  5    XL:     16   Next: 51%
Magic:  8/42       EV: 20    Int: 41    God:    Sif Muna [*****.]
Gold:   2064       SH:  5    Dex: 15    Spells: 1/46 levels left

rFire   . . .        y - staff "Verhekon" {rElec rPois Conj}
rCold   + . .        w - +0 buckler {AC+3}
rNeg    . . .        s - +2 robe {Will+}
rPois   +            c - +4 helmet of the Gate {rC+ Will++}
rElec   +            a - scarf {+Inv}
rCorr   .            f - +2 pair of gloves
SInv    .            M - +1 pair of boots
Will    ++++.        r
                       - Hermit's Pendant {Faith Invo=14 Evo=0 MP+5}
Stlth   ++           o - +6 ring of intelligence
HPRegen 0.36/turn    Q - +6 ring of intelligence
MPRegen 0.28/turn

%: faith
@: fragile (+50% incoming damage), very slightly contaminated, studying 2 skills
A: no striking features
a: Renounce Religion, Evoke Invisibility, Channel Magic, Forget Spell, Divine
Exegesis


You were on level 15 of the Dungeon.
You worshipped Sif Muna.
Sif Muna was extremely pleased with you.
You visited 4 branches of the dungeon, and saw 23 of its levels.
You visited 1 bazaar.
You also visited: Ice Cave.

You collected 2854 gold pieces.
You spent 790 gold pieces at shops.

Inventory:

Hand Weapons
 A - the +0 quarterstaff of Defilement {flame, rF+ rCorr Int+3 SInv}
   (You found it on level 6 of the Dungeon)

   Int+3:     It affects your intelligence (+3).
   rF+:       It protects you from fire.
   SInv:      It lets you see invisible.
   rCorr:     It protects you from acid and corrosion.
 Y - the +8 short sword "Filaimic" {freeze, rElec rC+ Will++ Int-2}
   (You found it on level 3 of the Lair of Beasts)

   Int-2:     It affects your intelligence (-2).
   rC+:       It protects you from cold.
   rElec:     It insulates you from electricity.
   Will++:    It greatly increases your willpower.
Missiles
 S - 2 throwing nets
 V - 11 curare-tipped darts
Armour
 a - a scarf of invisibility (worn)
   (You found it on level 6 of the Dungeon)
 c - the +4 helmet of the Gate (worn) {rC+ Will++}
   (You found it on level 5 of the Lair of Beasts)

   rC+:       It protects you from cold.
   Will++:    It greatly increases your willpower.
 f - a +2 pair of gloves (worn)
 s - a +2 robe of willpower (worn)
   (You bought it in a shop on level 2 of the Dungeon)
 w - a +0 buckler of protection (worn)
   (You took it off a tengu warrior on level 13 of the Dungeon)
 K - +0 acid dragon scales
 M - a +1 pair of boots (worn)
 X - an orb of mayhem
   (You found it on level 3 of the Lair of Beasts)
Magical Staves
 y - the staff "Verhekon" (weapon) {rElec rPois Conj}
   (You acquired it on level 5 of the Lair of Beasts)

   [staff of conjuration]

   Base accuracy: +5 Base damage: 5 Base attack delay: 1.2 This weapon's minimum
   attack delay (0.6) is reached at skill level 12.
   rElec:     It insulates you from electricity.
   rPois:     It protects you from poison.
   Conj:      It increases the power of your Conjurations spells.
   It falls into the 'Staves' category.
   It is a one-handed weapon.
Jewellery
 j - a +5 ring of evasion
 m - an amulet of magic regeneration
 o - a +6 ring of intelligence (left hand)
 r - the Hermit's Pendant (around neck) {Faith Invo=14 Evo=0 MP+5}
   (You found it on level 3 of the Dungeon)

   [amulet of faith]

   Invo=14: It sets your Invocations skill to 14.
   Evo=0: It sets your Evocations skill to 0.
   Faith:     It allows you to gain divine favour quickly.
   MP+5:      It affects your magic capacity (+5).
 E - a ring of protection from fire
 H - a ring of flight
 I - a ring of protection from cold
 N - the ring of the King {rPois rC++}
   (You took it off a deep elf pyromancer on level 15 of the Dungeon)

   [ring of poison resistance]

   rC++:      It greatly protects you from cold.
   rPois:     It protects you from poison.
 Q - a +6 ring of intelligence (right hand)
 T - a ring of willpower
Wands
 n - a wand of charming (19)
 v - a wand of warping (25)
 C - a wand of mindburst (7)
 W - a wand of digging (16)
 Z - a wand of light (8)
Scrolls
 d - 4 scrolls of noise
 h - 4 scrolls of enchant weapon
 i - a scroll of fear
 k - 3 scrolls of summoning {unknown}
 l - 9 scrolls of teleportation
 p - 3 scrolls of vulnerability
 t - 4 scrolls of fog
 z - 3 scrolls of immolation
 F - 5 scrolls of identify
 J - 2 scrolls of silence
 P - a scroll of poison
Potions
 b - 4 potions of magic
 e - 9 potions of might
 g - 3 potions of mutation
 q - 5 potions of lignification
 u - 2 potions of enlightenment
 x - 4 potions of resistance {unknown}
 B - 4 potions of berserk rage
 D - 2 potions of ambrosia
 G - 2 potions of brilliance
 L - 6 potions of curing
 R - a potion of cancellation {unknown}
 U - 2 potions of invisibility {unknown}
Miscellaneous
 O - a phantom mirror


   Skills:
 - Level 9.1 Fighting
 - Level 19.0 Dodging
 - Level 2.6 Stealth
 - Level 4.3 Shields
 - Level 15.6 Spellcasting
 - Level 6.6 Conjurations
 - Level 2.0 Summonings
 - Level 11.3 Translocations
 - Level 9.3 Ice Magic
 - Level 4.6 Air Magic
 + Level 11.1 Earth Magic
 + Level 9.8 Alchemy


You had one spell level left.
You knew the following spells:

 Your Spells              Type           Power      Damage    Failure   Level
a - Permafrost Eruption   Ice/Erth       43%        2x4d10    3%          6
b - Frozen Ramparts       Ice            100%       1d16      1%          3
c - Ozocubu's Armour      Ice            83%        N/A       1%          3
d - Dispersal             Tloc           45%        N/A       2%          6
e - Arcjolt               Conj/Air       43%        1d53      4%          5
f - Gell's Gavotte        Tloc           45%        2d(31-46) 2%          6
g - Vhi's Electric Charg  Tloc/Air       100%       N/A       1%          4
h - Freezing Cloud        Conj/Ice/Air   46%        6-21      2%          5
i - Seismic Cannonade     Alch/Erth      43%        6d14      17%         7

Your spell library contained the following spells:

 Spells                   Type           Power      Damage    Failure   Level
 Apportation              Tloc           100%       N/A       0%          1
 Sandblast                Erth           100%       2d20      0%          1
 Freeze                   Ice            100%       1d10      1%          1
 Magic Dart               Conj           100%       1d8       1%          1
 Necrotise                Necr           100%       1d9       1%          1
 Shock                    Conj/Air       100%       1d9       1%          1
 Ensorcelled Hibernation  Hex/Ice        100%       N/A       1%          2
 Momentum Strike          Conj/Tloc      100%       3d10      1%          2
 Searing Ray              Conj           100%       2d8       1%          2
 Static Discharge         Conj/Air       100%       3-8/arc   1%          2
 Hailstorm                Conj/Ice       98%        3d15      1%          3
 Maxwell's Portable Pile  Tloc           90%        2d(14-40) 1%          3
 Passwall                 Erth           89%        N/A       1%          3
 Stone Arrow              Conj/Erth      100%       3d13      1%          3
 Summon Ice Beast         Ice/Summ       68%        N/A       1%          3
 Volatile Blastmotes      Fire/Tloc      100%       2d18      1%          3
 Brom's Barrelling Bould  Conj/Erth      100%       2d11      1%          4
 Fulminant Prism          Conj/Alch      49%        3d21      1%          4
 Iskenderun's Mystic Bla  Conj/Tloc      100%       2d19      (+2d11%     4
 Petrify                  Alch/Erth      87%        N/A       1%          4
 Sticky Flame             Fire/Alch      64%        2d11      1%          4
 Lee's Rapid Deconstruct  Erth           44%        3d21*     1%          5
 Jinxbite                 Hex            64%        N/A       2%          2
 Scorch                   Fire           64%        2d7       2%          2
 Iskenderun's Battlesphe  Conj           92%        2d14      2%          5
 Summon Forest            Summ/Tloc      36%        N/A       2%          5
 Confusing Touch          Hex            32%        N/A       4%          3
 Fugue of the Fallen      Necr           32%        N/A       4%          3
 Vampiric Draining        Necr           32%        2d8       4%          3
 Summon Lightning Spire   Summ/Air       56%        N/A       4%          4
 Eringya's Noxious Bog    Alch           42%        4d6       4%          6
 Martyr's Knell           Necr/Summ      40%        N/A       11%         4
 Manifold Assault         Tloc           45%        N/A       13%         7
 Anguish                  Hex/Necr       16%        N/A       16%         4
 Silence                  Hex/Air        25%        N/A       17%         5
 Summon Mana Viper        Hex/Summ       40%        N/A       28%         5
 Curse of Agony           Necr           32%        N/A       41%         5
 Orb of Destruction       Conj           46%        9d12      63%         7
 Lehudib's Crystal Spear  Conj/Erth      51%        10d12     95%         8
 Maxwell's Capacitive Co  Air            31%        ∞         100%        8


Dungeon Overview and Level Annotations

Branches:
Dungeon (15/15)            Temple (1/1) D:6            Lair (5/5) D:9
 Shoals (0/4) Lair:2       Spider (0/4) Lair:3        Slime (0/5) Lair:4
    Orc (2/2) D:12            Elf (0/3) Orc:2        Vaults (0/5) D:14
  IceCv (visited)
 Depths: D:15

Altars:
Ashenzari
Cheibriados
Dithmenos
Elyvilon
Fedhas
Gozag
Hepliaklqana
Kikubaaqudgha
Makhleb
Nemelex Xobeh
Okawaru
Qazlal
Ru
Sif Muna
Trog
Uskayaw
Vehumet
Wu Jian
Xom
Yredelemnul
Zin
The Shining One

Shops:
D:2 [   D:3 ?   D:7 !   Orc:2 ((?

Annotations:
D:5 exclusion: ice beast
D:15 1 transporter, Rupert
Lair:2 3 runed translucent doors, Ejipi's ghost, journeyman DrSh; Foddiron's ghost, journeyman CoBe; Hiwnic's ghost, journeyman OpFE; Joyfexzo's ghost, journeyman MiBe
Lair:4 3 runed translucent doors, exclusion: hydra, Hoaki's ghost, journeyman HONe
Lair:5 exclusion: azure jelly


Message History

Bitter cold erupts, blasting rock from the ceiling!
The mass of rock hits the stone giant!
The stone giant is lightly wounded.
Piercing cold boils outward!
The piercing cold hits the stone giant!
The stone giant is moderately wounded.
You hear a shout!
The stone giant throws a large rock.
The large rock hits you!!
Bitter cold erupts, blasting rock from the ceiling!
The mass of rock hits the glass eye!
The glass eye is moderately wounded.
Piercing cold boils outward!
The piercing cold hits the glass eye!!
The glass eye is almost dead.
You hear a shout!
You hear an angry hiss.
You hear a shout!
You hear a hideous shriek!
The glass eye gazes at you.
Your body becomes as fragile as glass!
You start resting.
A hog comes into view.
Bitter cold erupts, blasting rock from the ceiling!
The mass of rock hits the glass eye!!
You kill the glass eye!
Sif Muna accepts your kill.
Piercing cold boils outward!
You hear a shout!
You hear an angry squeal.
You hear an angry hiss.
Bitter cold erupts, blasting rock from the ceiling!
The mass of rock hits the hog!
The hog is heavily wounded.
Piercing cold boils outward!
The piercing cold hits the hog!!
You kill the hog!
Sif Muna accepts your kill.
You hear a shout! x2
Bitter cold erupts, blasting rock from the ceiling!
The mass of rock hits the stone giant.
The stone giant is moderately wounded.
Piercing cold boils outward!
The piercing cold hits the stone giant!
The stone giant is heavily wounded.
You hear a shout!
The stone giant throws a large rock.
The large rock hits you!!!
Ouch! That really hurt!
You die...

...#. ....#
. #..[. ..
'... ... #..
..#. ##'#
....# #
#.†##......
#
##†<.C......
#
#..@.#......
# #<:.)#
..... ######
.... .#. #
..P.⌠..
∩.....


You could see a stone giant.

Vanquished Creatures
  Saint Roka (Orc:2)
  Jorgrun (D:13)
  Frances (D:13)
  An azure jelly (Lair:5)
  3 orc warlords
  4 quicksilver oozes (Lair:5)
  Nessos (Orc:2)
  Azrael (D:12)
  2 fire dragons
  An entropy weaver (shapeshifter) (D:14)
  2 great orbs of eyes
  7 ogre magi
  A hydra (D:15)
  4 vault guards
  2 boulder beetles
  5 centaur warriors
  A dancing weapon (D:14)
  2 tengu warriors
  31 two-headed ogres
  A deep troll shaman (D:15)
  Urug (Lair:4)
  Sonja (Lair:2)
  Lodul (D:13)
  3 skeletal warriors (D:15)
  An arcanist (D:13)
  A swamp dragon (Lair:5)
  3 deep elf pyromancers
  2 orc knights (Orc:2)
  An obsidian bat (Orc:2)
  An ugly thing (D:12)
  4 manticores
  4 cyclopes
  4 orc sorcerers (Orc:2)
  10 meliai
  A guardian serpent (Lair:5)
  3 kobold blastminers (Orc:2)
  6 black mambas (Lair:5)
  2 torpor snails
  A gargoyle (D:9)
  22 cane toads
  A centaur skeleton (D:15)
  14 komodo dragons
  2 kobold demonologists (D:10)
  Maggie (D:9)
  6 tengu conjurers
  An unseen horror (D:12)
  9 rime drakes
  An efreet (D:15)
  A yaktaur (D:14)
  A wolf spider simulacrum (D:14)
  A tyrant leech (Lair:3)
  6 trolls
  2 hornets (Lair:5)
  A wind drake (shapeshifter) (D:14)
  4 polar bears
  3 jumping spiders (Lair:3)
  A raiju (shapeshifter) (D:13)
  15 blink frogs
  A glass eye (D:15)
  23 dream sheep
  18 slime creatures
  A culicivora (Lair:3)
  A shadow (D:11)
  A spriggan (Lair:4)
  A culicivora (shapeshifter) (D:13)
  A centaur simulacrum (D:14)
  3 hogs (D:15)
  21 yaks
  A wraith (D:12)
  A human (shapeshifter) (D:13)
  4 basilisks
  10 wyverns
  3 steam dragons
  10 wargs
  3 redbacks
  2 swamp worms (Lair:3)
  12 vampire mosquitoes
  2 acid dragons
  4 hell hounds (D:12)
  22 water moccasins
  2 swamp drakes (Lair:5)
  27 orc warriors
  2 ice beasts
  A sky beast (D:7)
  38 ogres
  A black bear (Lair:2)
  15 wolves
  A centaur (D:10)
  3 lemures (D:5)
  5 kobold brigands
  12 bullfrogs
  2 scorpions (D:6)
  2 gnoll sergeants
  21 killer bees
  3 howler monkeys
  2 electric eels
  A komodo dragon simulacrum (IceCv)
  4 hounds
  11 jellies
  A gnoll bouda (D:10)
  9 iguanas
  15 orc priests
  3 sleepcaps
  22 orc wizards
  12 gnolls
  2 acid dragon simulacra (IceCv)
  5 adders
  2 shadow imps (D:6)
  3 ufetubi
  2 steam dragon simulacra (IceCv)
  A ribbon worm (D:5)
  A dart slug (D:3)
  75 orcs
  7 ball pythons
  3 bats
  4 endoplasms
  8 giant cockroaches
  3 goblins
  5 hobgoblins
  5 quokkas
  7 kobolds
  4 rats
711 creatures vanquished.

Vanquished Creatures (collateral kills)
  2 hydras
  2 two-headed ogres (D:9)
  A tengu warrior (D:13)
  A skeletal warrior (D:15)
  Pikel (D:5)
  An orc sorcerer (Orc:2)
  3 cane toads
  3 komodo dragons
  A rime drake (Lair:2)
  A troll (D:11)
  A glass eye (D:15)
  Sigmund (D:3)
  A meliai zombie (D:15)
  A slime creature (D:15)
  A yak (Lair:1)
  A basilisk (Lair:3)
  Menkaure (D:5)
  An acid dragon (D:13)
  A water moccasin (Lair:5)
  An ice beast (D:6)
  3 black bears
  A wolf (D:9)
  A centaur (D:5)
  A lemure (D:5)
  Blork the orc (D:4)
  3 killer bees
  2 bombardier beetles
  A komodo dragon simulacrum (IceCv)
  An orc priest (D:7)
  2 sleepcaps
  2 orc wizards (D:8)
  An ufetubus (D:3)
  A ribbon worm (D:5)
  5 orcs
  A ball python (D:4)
  3 kobolds (D:9)
  A quokka (D:4)
  A goblin (D:4)
57 creatures vanquished.

Grand Total: 768 creatures vanquished

Notes
Turn   | Place    | Note
-------+----------+-------------------------------------------
     0 | D:1      | RBrandon the Deep Elf Ice Elementalist began the quest for
                  | the Orb.
     0 | D:1      | Reached XP level 1. HP: 10/10 MP: 6/6
   391 | D:1      | Found a faded altar of an unknown god.
   498 | D:1      | Reached XP level 2. HP: 15/16 MP: 5/8
  1189 | D:2      | Reached XP level 3. HP: 20/20 MP: 5/9
  1204 | D:2      | Reached skill level 3 in Dodging
  1218 | D:2      | Reached skill level 5 in Ice Magic
  1282 | D:2      | Reached skill level 1 in Fighting
  1319 | D:2      | Learned a level 3 spell: Frozen Ramparts
  1323 | D:2      | Learned a level 3 spell: Ozocubu's Armour
  1506 | D:2      | Found Mollokhlitt's Antique Armour Shoppe.
  1629 | D:2      | Reached XP level 4. HP: 25/25 MP: 8/11
  1712 | D:2      | Learned a level 3 spell: Summon Ice Beast
  2144 | D:3      | Found a snail-covered altar of Cheibriados.
  2144 | D:3      | Found a faded altar of an unknown god.
  2152 | D:3      | Found a shimmering altar of Xom.
  2154 | D:3      | Found a basalt altar of Yredelemnul.
  2156 | D:3      | Found a hazy altar of Hepliaklqana.
  2309 | D:3      | Found the Hermit's Pendant {Faith Invo=14 Evo=0 MP+5}
  2328 | D:3      | Found Gummo's Magic Scroll Shop.
  2340 | D:3      | Bought a scroll of teleportation for 33 gold pieces
  2340 | D:3      | Bought a scroll of identify for 22 gold pieces
  2340 | D:3      | Bought a scroll of teleportation for 33 gold pieces
  2362 | D:3      | Noticed Sigmund
  2373 | D:3      | Killed Sigmund
  2374 | D:3      | Reached skill level 4 in Dodging
  2374 | D:3      | Reached XP level 5. HP: 30/30 MP: 9/13
  2969 | D:4      | Noticed a black bear
  3001 | D:4      | Killed a black bear
  3002 | D:4      | Reached XP level 6. HP: 35/35 MP: 8/14
  3166 | D:4      | Noticed Blork the orc
  3278 | D:4      | Killed Blork the orc
  3534 | D:5      | Entered Level 5 of the Dungeon
  3599 | D:5      | Reached skill level 5 in Dodging
  3733 | D:5      | Reached XP level 7. HP: 40/40 MP: 5/15
  3922 | D:5      | Noticed Menkaure
  4052 | D:6      | Identified the +0 quarterstaff of Defilement {flame, rF+
                  | rCorr Int+3 SInv}
  4075 | D:6      | Reached skill level 6 in Dodging
  4423 | D:6      | Reached skill level 7 in Dodging
  4751 | D:7      | Reached skill level 8 in Dodging
  4911 | D:7      | Found Efiejecruv's Distillery.
  4919 | D:7      | Bought a potion of curing for 36 gold pieces
  4919 | D:7      | Bought a potion of heal wounds for 60 gold pieces
  5003 | D:7      | Reached XP level 8. HP: 44/44 MP: 11/16
  5164 | D:7      | Reached skill level 9 in Dodging
  5178 | D:7      | Found a broken altar of Ashenzari.
  5178 | D:7      | Found a bloodstained altar of Trog.
  5487 | D:7      | Reached skill level 10 in Dodging
  6198 | D:8      | Reached skill level 11 in Dodging
  6456 | D:5      | Reached skill level 12 in Dodging
  6580 | D:5      | Reached XP level 9. HP: 48/48 MP: 17/17
  6888 | D:5      | Noticed Pikel
  6899 | D:5      | Killed Pikel
  6900 | D:5      | Reached skill level 13 in Dodging
  7026 | D:5      | Killed Menkaure
  7210 | D:2      | Bought a glowing robe for 118 gold pieces
  7401 | D:6      | Found a staircase to the Ecumenical Temple.
  7407 | D:6      | Reached skill level 14 in Dodging
  7413 | Temple   | Entered the Ecumenical Temple
  7456 | Temple   | Became a worshipper of Sif Muna the Loreminder
  7734 | D:8      | You fall into a shaft and drop 3 floors!
  7740 | D:10     | Entered Level 10 of the Dungeon
  7761 | D:11     | Reached skill level 15 in Dodging
  7764 | D:11     | Reached XP level 10. HP: 46/53 MP: 21/22
  8064 | D:11     | Reached * piety under Sif Muna
  8065 | D:11     | Reached skill level 16 in Dodging
  8511 | D:11     | Noticed a boulder beetle
  8703 | D:9      | Noticed a two-headed ogre
  8716 | D:9      | Killed a two-headed ogre
  8717 | D:9      | Reached skill level 17 in Dodging
  8932 | D:9      | Noticed a two-headed ogre
  8983 | D:9      | Noticed Maggie
  9001 | D:9      | Killed Maggie
  9066 | D:9      | Got Sif Muna's Writings on Comburant Feathers
  9081 | D:9      | Learned a level 5 spell: Arcjolt
  9119 | D:9      | Reached skill level 1 in Conjurations
  9150 | D:9      | Found a staircase to the Lair.
  9161 | D:9      | Reached ** piety under Sif Muna
  9179 | D:9      | Killed a two-headed ogre
  9301 | Lair:1   | Entered Level 1 of the Lair of Beasts
  9301 | Lair:1   | Noticed a cane toad
  9312 | Lair:1   | Killed a cane toad
  9319 | Lair:1   | Noticed a cane toad
  9328 | Lair:1   | Killed a cane toad
  9329 | Lair:1   | Reached XP level 11. HP: 48/61 MP: 15/23
  9412 | Lair:1   | Found a frozen archway.
  9421 | Lair:1   | Reached skill level 5 in Conjurations
  9499 | IceCv    | Entered an ice cave
  9504 | IceCv    | Reached skill level 5 in Spellcasting
  9933 | Lair:1   | Reached *** piety under Sif Muna
 10518 | Lair:1   | Reached skill level 10 in Spellcasting
 10975 | Lair:2   | Reached XP level 12. HP: 66/66 MP: 29/29
 11554 | Lair:2   | Noticed Sonja
 11563 | Lair:2   | Learned a level 6 spell: Gell's Gavotte
 11571 | Lair:2   | Killed Sonja
 11817 | Lair:2   | Reached **** piety under Sif Muna
 11925 | Lair:2   | Reached skill level 5 in Translocations
 12180 | Lair:2   | Found a staircase to the Shoals.
 12198 | Lair:2   | Found a runed translucent gate.
 12198 | Lair:2   | Found a runed translucent gate.
 12198 | Lair:2   | Found a runed translucent gate.
 12200 | Lair:2   | Noticed Hiwnic's ghost (journeyman OpFE)
 12200 | Lair:2   | Noticed Joyfexzo's ghost (journeyman MiBe)
 12201 | Lair:2   | Noticed Ejipi's ghost (journeyman DrSh)
 12202 | Lair:2   | Noticed Foddiron's ghost (journeyman CoBe)
 12991 | Lair:3   | Found a hole to the Spider Nest.
 13345 | Lair:3   | Identified the +8 short sword "Filaimic" {freeze, rElec rC+
                  | Will++ Int-2}
 14022 | Lair:4   | Noticed a six-headed hydra
 14127 | Lair:4   | Noticed Urug
 14147 | Lair:4   | Killed Urug
 14148 | Lair:4   | Reached skill level 10 in Translocations
 14325 | Lair:4   | Learned a level 4 spell: Vhi's Electric Charge
 14431 | Lair:4   | Reached XP level 13. HP: 45/70 MP: 24/31
 14812 | Lair:4   | Found a runed translucent gate.
 14920 | Lair:4   | Found a staircase to the Slime Pits.
 14945 | Lair:4   | Reached skill level 5 in Fighting
 15426 | Lair:4   | Found a runed translucent gate.
 15426 | Lair:4   | Found a runed translucent gate.
 15428 | Lair:4   | Noticed Hoaki's ghost (journeyman HONe)
 15849 | Lair:5   | Entered Level 5 of the Lair of Beasts
 15902 | Lair:5   | Noticed a quicksilver ooze
 15969 | Lair:5   | Identified the +4 helmet of the Gate {rC+ Will++}
 16150 | Lair:5   | Noticed a quicksilver ooze
 16165 | Lair:5   | Killed a quicksilver ooze
 16167 | Lair:5   | Reached ***** piety under Sif Muna
 16301 | Lair:5   | Noticed an azure jelly
 16677 | Lair:5   | Received a gift from Sif Muna
 16678 | Lair:5   | Got Sif Muna's Volume of the Salvo {god gift}
 16685 | Lair:5   | Learned a level 5 spell: Freezing Cloud
 16712 | Lair:5   | Killed a quicksilver ooze
 16957 | Lair:5   | Noticed a quicksilver ooze
 16962 | Lair:5   | Killed a quicksilver ooze
 17242 | Lair:5   | Reached skill level 18 in Dodging
 17503 | Lair:5   | Noticed a fire dragon
 17511 | Lair:5   | Killed a fire dragon
 17726 | Lair:5   | Noticed a quicksilver ooze
 17739 | Lair:5   | Killed a quicksilver ooze
 17924 | Lair:5   | Reached XP level 14. HP: 84/84 MP: 26/32
 18053 | Lair:5   | Noticed an azure jelly
 18595 | Lair:5   | Killed an azure jelly
 18763 | Lair:5   | Received a gift from Sif Muna
 18764 | Lair:5   | Got Sif Muna's Omnibus of the Lapidarian Brume {god gift}
 18780 | Lair:5   | Reached skill level 19 in Dodging
 18788 | Lair:5   | Learned a level 7 spell: Seismic Cannonade
 18874 | Lair:5   | Reached skill level 1 in Earth Magic
 18874 | Lair:5   | Reached skill level 1 in Alchemy
 19195 | Lair:5   | Identified a scroll of acquirement
 19195 | Lair:5   | Acquired the staff "Verhekon" {rElec rPois Conj}
 21618 | D:12     | Found a flickering gateway to a bazaar.
 21937 | D:12     | Reached skill level 5 in Earth Magic
 21968 | D:12     | Noticed Azrael
 21976 | D:12     | Killed Azrael
 21977 | D:12     | Reached skill level 5 in Alchemy
 22041 | Bazaar   | Entered a bazaar
 22141 | Bazaar   | Found Qoik's General Store.
 22156 | Bazaar   | Found Pepij's Book Emporium.
 22206 | Bazaar   | Found Cepevil's Antique Weapon Shoppe.
 22235 | Bazaar   | Found Sugo's Assorted Antiques.
 22240 | Bazaar   | Bought a scorched robe for 125 gold pieces
 22240 | Bazaar   | Identified the +1 robe of Umicob {Int-4 Dex+3} (You bought
                  | it in a shop in a bazaar)
 22258 | Bazaar   | Found Fatullid's General Store.
 22341 | Bazaar   | Bought a potion of haste for 70 gold pieces
 22341 | Bazaar   | Bought a potion of magic for 56 gold pieces
 22359 | Bazaar   | Bought a potion of curing for 66 gold pieces
 22359 | Bazaar   | Bought a potion of curing for 66 gold pieces
 22457 | D:12     | Found a staircase to the Orcish Mines.
 22477 | Orc:1    | Entered Level 1 of the Orcish Mines
 22480 | Orc:1    | Noticed an orc warlord
 22695 | Orc:2    | Entered Level 2 of the Orcish Mines
 22695 | Orc:2    | Noticed Saint Roka
 22699 | Orc:2    | Reached ****** piety under Sif Muna
 22783 | Orc:2    | Received a gift from Sif Muna
 22973 | Orc:1    | Reached XP level 15. HP: 70/90 MP: 28/33
 23382 | Orc:2    | Noticed Nessos
 23479 | Orc:2    | Received a gift from Sif Muna
 23483 | Orc:2    | Got Sif Muna's Spellbook of the Geological Brume {god gift}
 23688 | Orc:2    | Found Miqichu's General Store.
 23688 | Orc:2    | Found Xetseubu's Magic Scroll Boutique.
 23689 | Orc:2    | Found Zoceciz's Antique Weapon Boutique.
 23689 | Orc:2    | Found Uvethro's Weapon Shoppe.
 23916 | Orc:2    | Learned a level 6 spell: Permafrost Eruption
 23958 | Orc:2    | Killed Saint Roka
 23989 | Orc:2    | Got Sif Muna's Dissertation on Confrontation and Elsewhere
                  | {god gift}
 24098 | Orc:2    | Bought a scroll of enchant armour for 105 gold pieces
 24106 | Orc:2    | Killed Nessos
 24476 | Orc:2    | Found a staircase to the Elven Halls.
 24559 | Orc:2    | Identified the +2 short sword of the Blue Skies {protect,
                  | Str+6}
 25210 | Orc:2    | Got the Volume of Doom
 25284 | Orc:2    | Got the Almanac of Displacement and Kindling
 25484 | D:13     | Noticed Frances
 25489 | D:13     | Killed Frances
 25760 | D:13     | Received a gift from Sif Muna
 25761 | D:13     | Noticed Jorgrun
 25764 | D:13     | Killed Jorgrun
 25765 | D:13     | Got Sif Muna's Grimoire of the Iliaster and Superposition
                  | {god gift}
 25773 | D:13     | Reached skill level 15 in Spellcasting
 26294 | D:13     | Noticed Lodul
 26305 | D:13     | Killed Lodul
 26709 | D:14     | Reached skill level 1 in Shields
 26711 | D:14     | Reached XP level 16. HP: 96/96 MP: 7/37
 27404 | D:14     | Found a gate to the Vaults.
 27454 | D:14     | Found a sacrificial altar of Ru.
 27919 | D:15     | Entered Level 15 of the Dungeon
 27924 | D:15     | Noticed Rupert
 28028 | D:15     | Found a transporter.
 28038 | D:14     | Learned a level 6 spell: Dispersal
 28133 | D:15     | Identified the ring of the King {rPois rC++}
 28140 | D:15     | Reached skill level 10 in Earth Magic
 28775 | D:15     | Found the ring of the Octopus King {rC+ HP+2 AC+2 EV+2
                  | SH+2}
 28928 | D:15     | Received a gift from Sif Muna
 28929 | D:15     | Got Sif Muna's Handbook of Blasts {god gift}
 29020 | D:15     | Hit by a large rock thrown by a stone giant

Illustrated notes

Levels and vault maps discovered:
D:1:      minmay_arrival_cross, layout_loops_corners,
          shapermc_ecumenical_altar_mp_vishouse
D:2:      layout_loops_ring, serial_shops, nicolae_shop_waterfront
D:3:      layout_basic, chequers_temple_overflow_minitemple, serial_shops,
          nicolae_shop_trees, serial_glass, glass_columns_b, glass_columns_a,
          uniq_sigmund
D:4:      layout_basic, uniq_blork_the_orc
D:5:      layout_cave_pools, uniq_menkaure, uniq_pikel
D:6:      layout_basic, temple_green
D:7:      layout_loops_ring, gammafunk_temple_overflow_elements, serial_shops,
          shop, grunt_ministairs_5
D:8:      layout_basic, billiards_dpeg
D:9:      layout_irregular_city, erik_lair_orcish_takeover, minmay_fountain_box,
          roderic_serpentine_path, uniq_maggie
D:10:     layout_basic
D:11:     layout_gridville
D:12:     layout_roguey, hiddenorc1_lemuel, serial_shops, bzr_entry_water,
          uniq_azrael
D:13:     layout_cave_pods, uniq_lodul, uniq_jorgrun, uniq_frances
D:14:     layout_small_grid, erik_vaults_1, nicolae_ru_sacrificial_ziggurat,
          minmay_the_grid_square_5x5_3x3_mashed
          [minmay_the_grid_square_5x5_tetrominoes,
          minmay_the_grid_square_5x5_minibox,
          minmay_the_grid_square_5x5_two_walls_a,
          minmay_the_grid_square_5x5_longway,
          minmay_the_grid_square_5x5_megaprize_hollow,
          minmay_the_grid_square_5x5_gyroscope,
          minmay_the_grid_square_5x5_detours,
          minmay_the_grid_square_5x5_dogpile, minmay_the_grid_square_5x5_corner]
D:15:     hangedman_spin_cycle, uniq_rupert
Temple:   nicolae_temple_elliptical
Lair:1:   beast_lair_carwin_large_1, layout_chaotic_city, portal_ice_cave_rime,
          infiniplex_staircase_pool_2
Lair:2:   layout_cave_pods, shoals_dummy_entry, gammafunk_ghost_cemetery,
          uniq_sonja
Lair:3:   layout_chaotic_city, nicolae_spider_entry_tight_spaces, worms_lemuel,
          serial_bayou_shore_a, grunt_megastairs_4
Lair:4:   layout_gridlike, slime_entry_1, ebering_ghost_rock_garden,
          st_stairs_5, grunt_forest_stairs_clearing, uniq_urug
Lair:5:   guppyfry_lair_end_dragon, layout_hall_layers,
          hangedman_lair_tendril_chambers, special_room [special_room_jelly]
Orc:1:    layout_diamond_mine
Orc:2:    st_orc_ogre_mass, layout_caves, minmay_orc_treasury, uniq_saint_roka,
          uniq_nessos

Skill      XL: |  1  2  3  4  5  6  7  8  9 10 11 12 13 14 15 16 |
---------------+-------------------------------------------------+-----
Dodging        | 3 4 5 8 12 15 17 18 19 | 19.0
Ice Magic      | 5 6 9 |  9.3
Fighting       | 1 2 4 8 9 |  9.1
Spellcasting   | 4 11 12 15 | 15.6
Summonings     | 2 |  2.0
Conjurations   | 3 6 |  6.6
Air Magic      | 2 4 |  4.6
Translocations | 10 11 | 11.3
Earth Magic    | 7 9 11 | 11.1
Alchemy        | 7 8 9 |  9.8
Shields        | 1 4 |  4.3
Stealth        | |  2.6

Action                     |  1- 3 |  4- 6 |  7- 9 | 10-12 | 13-15 | 16-18 || total
---------------------------+-------+-------+-------+-------+-------+-------++-------
  Melee: Spear             |     3 |     5 |       |       |       |       ||     8
         Quarterstaff      |       |       |   110 |   172 |    55 |       ||   337
         Staff             |       |       |       |       |    51 |     1 ||    52
   Fire: Sling             |       |    24 |       |       |       |       ||    24
   Cast: Freeze            |    46 |    21 |    15 |    46 |     6 |       ||   134
         Summon Ice Beast  |       |     7 |    20 |    46 |    17 |       ||    90
         Frozen Ramparts   |       |    10 |    28 |    48 |    23 |     1 ||   110
         Ozocubu's Armour  |       |     3 |    19 |    37 |    19 |       ||    78
         Arcjolt           |       |       |       |    47 |   141 |     7 ||   195
         Gell's Gavotte    |       |       |       |     6 |    33 |     5 ||    44
         Freezing Cloud    |       |       |       |       |    92 |       ||    92
         Vhi's Electric Ch |       |       |       |       |     4 |       ||     4
         Permafrost Erupti |       |       |       |       |   104 |    71 ||   175
         Seismic Cannonade |       |       |       |       |     3 |     4 ||     7
         Dispersal         |       |       |       |       |       |     2 ||     2
 Invoke: Channel Magic     |       |       |       |     4 |    14 |     5 ||    23
         Forget Spell      |       |       |       |       |     1 |       ||     1
  Evoke: Wand              |       |       |       |     8 |     1 |       ||     9
    Use: Scroll            |       |     3 |     6 |     2 |    20 |       ||    31
         Potion            |       |       |       |     4 |    11 |     1 ||    16
   Stab: Sleeping          |     1 |       |       |     2 |       |       ||     3
         Distracted        |       |       |     1 |     1 |       |       ||     2
 Armour: Robe              |    12 |    14 |    79 |   176 |   160 |    28 ||   469
  Dodge: Dodged            |    24 |    20 |   120 |   309 |   295 |    28 ||   796
  Block: Buckler           |       |       |       |       |     1 |    10 ||    11

Table legend: (Time is in decaauts)
 A = Elapsed time spent in this place.
 B = Non-inter-level travel time spent in this place.
 C = Inter-level travel time spent in this place.
 D = Time resting spent in this place.
 E = Time spent auto-exploring this place.
 F = Levels seen in this place.
 G = Mean time per level.
                   A        B        C        D        E       F      G
               +--------+--------+--------+--------+--------+-----+--------+
         Total |  29143 |  27691 |   1452 |   6686 |  15407 |  25 | 1165.7 |
       Dungeon |  15687 |  14600 |   1087 |   2352 |   9583 |  15 | 1045.8 |
        Temple |    125 |     97 |     28 |      0 |     43 |   1 |  125.0 |
          Lair |   9800 |   9564 |    236 |   2947 |   4593 |   5 | 1960.0 |
  Orcish Mines |   2804 |   2704 |    100 |   1148 |    904 |   2 | 1402.0 |
        Bazaar |    362 |    362 |      0 |      0 |    255 |   1 |  362.0 |
      Ice Cave |    363 |    363 |      0 |    239 |     29 |   1 |  363.0 |
               +--------+--------+--------+--------+--------+-----+--------+

Top non-repeatable levels by time:
  Lair:5: 3414 daAuts
  Lair:4: 2159 daAuts
  Lair:2: 1682 daAuts
   Orc:2: 1657 daAuts
    D:13: 1525 daAuts
     D:9: 1505 daAuts
    D:14: 1334 daAuts
  Lair:3: 1295 daAuts
  Lair:1: 1249 daAuts
     D:7: 1240 daAuts
    D:11: 1166 daAuts
   Orc:1: 1146 daAuts
     D:1: 1059 daAuts
     D:5: 1059 daAuts
     D:2: 1020 daAuts

Levels and vault maps discovered:
D:1:      minmay_arrival_cross, layout_loops_corners,
          shapermc_ecumenical_altar_mp_vishouse
D:2:      layout_loops_ring, serial_shops, nicolae_shop_waterfront
D:3:      layout_basic, chequers_temple_overflow_minitemple, serial_shops,
          nicolae_shop_trees, serial_glass, glass_columns_b, glass_columns_a,
          uniq_sigmund
D:4:      layout_basic, uniq_blork_the_orc
D:5:      layout_cave_pools, uniq_menkaure, uniq_pikel
D:6:      layout_basic, temple_green
D:7:      layout_loops_ring, gammafunk_temple_overflow_elements, serial_shops,
          shop, grunt_ministairs_5
D:8:      layout_basic, billiards_dpeg
D:9:      layout_irregular_city, erik_lair_orcish_takeover, minmay_fountain_box,
          roderic_serpentine_path, uniq_maggie
D:10:     layout_basic
D:11:     layout_gridville
D:12:     layout_roguey, hiddenorc1_lemuel, serial_shops, bzr_entry_water,
          uniq_azrael
D:13:     layout_cave_pods, uniq_lodul, uniq_jorgrun, uniq_frances
D:14:     layout_small_grid, erik_vaults_1, nicolae_ru_sacrificial_ziggurat,
          minmay_the_grid_square_5x5_3x3_mashed
          [minmay_the_grid_square_5x5_tetrominoes,
          minmay_the_grid_square_5x5_minibox,
          minmay_the_grid_square_5x5_two_walls_a,
          minmay_the_grid_square_5x5_longway,
          minmay_the_grid_square_5x5_megaprize_hollow,
          minmay_the_grid_square_5x5_gyroscope,
          minmay_the_grid_square_5x5_detours,
          minmay_the_grid_square_5x5_dogpile, minmay_the_grid_square_5x5_corner]
D:15:     hangedman_spin_cycle, uniq_rupert
Temple:   nicolae_temple_elliptical
Lair:1:   beast_lair_carwin_large_1, layout_chaotic_city, portal_ice_cave_rime,
          infiniplex_staircase_pool_2
Lair:2:   layout_cave_pods, shoals_dummy_entry, gammafunk_ghost_cemetery,
          uniq_sonja
Lair:3:   layout_chaotic_city, nicolae_spider_entry_tight_spaces, worms_lemuel,
          serial_bayou_shore_a, grunt_megastairs_4
Lair:4:   layout_gridlike, slime_entry_1, ebering_ghost_rock_garden,
          st_stairs_5, grunt_forest_stairs_clearing, uniq_urug
Lair:5:   guppyfry_lair_end_dragon, layout_hall_layers,
          hangedman_lair_tendril_chambers, special_room [special_room_jelly]
Orc:1:    layout_diamond_mine
Orc:2:    st_orc_ogre_mass, layout_caves, minmay_orc_treasury, uniq_saint_roka,
          uniq_nessos

Table legend: (Time is in decaauts)
 A = Elapsed time spent in this place.
 B = Non-inter-level travel time spent in this place.
 C = Inter-level travel time spent in this place.
 D = Time resting spent in this place.
 E = Time spent auto-exploring this place.
 F = Levels seen in this place.
 G = Mean time per level.
                   A        B        C        D        E       F      G
               +--------+--------+--------+--------+--------+-----+--------+
         Total |  29143 |  27691 |   1452 |   6686 |  15407 |  25 | 1165.7 |
       Dungeon |  15687 |  14600 |   1087 |   2352 |   9583 |  15 | 1045.8 |
        Temple |    125 |     97 |     28 |      0 |     43 |   1 |  125.0 |
          Lair |   9800 |   9564 |    236 |   2947 |   4593 |   5 | 1960.0 |
  Orcish Mines |   2804 |   2704 |    100 |   1148 |    904 |   2 | 1402.0 |
        Bazaar |    362 |    362 |      0 |      0 |    255 |   1 |  362.0 |
      Ice Cave |    363 |    363 |      0 |    239 |     29 |   1 |  363.0 |
               +--------+--------+--------+--------+--------+-----+--------+

Top non-repeatable levels by time:
  Lair:5: 3414 daAuts
  Lair:4: 2159 daAuts
  Lair:2: 1682 daAuts
   Orc:2: 1657 daAuts
    D:13: 1525 daAuts
     D:9: 1505 daAuts
    D:14: 1334 daAuts
  Lair:3: 1295 daAuts
  Lair:1: 1249 daAuts
     D:7: 1240 daAuts
    D:11: 1166 daAuts
   Orc:1: 1146 daAuts
     D:1: 1059 daAuts
     D:5: 1059 daAuts
     D:2: 1020 daAuts

Table legend:
 A = Kills in this place as a percentage of kills in the entire game.
 B = Kills by you in this place as a percentage of kills by you in the entire game.
 C = Kills by friends in this place as a percentage of kills by friends in the entire game.
 D = Other kills in this place as a percentage of other kills in the entire game.
 E = Experience gained in this place as a percentage of experience gained in the entire game.
 F = Experience gained in this place divided by the number of levels of this place that you have seen.
                   A       B       C       D       E      F
               +-------+-------+-------+-------+-------+----------------------
         Total | 100.0 | 100.0 | 100.0 |   N/A | 100.0 | 7415.8
       Dungeon |  46.7 |  44.9 |  69.6 |   N/A |  37.1 | 4586.8
          Lair |  30.6 |  31.1 |  25.0 |   N/A |  34.7 | 12849.4
  Orcish Mines |  21.7 |  23.2 |   3.6 |   N/A |  28.0 | 25926.5
      Ice Cave |   0.9 |   0.8 |   1.8 |   N/A |   0.3 | 492.0
               +-------+-------+-------+-------+-------+----------------------
